 Dungeon Crawl Stone Soup version 0.21-a0-125-gb006224 (webtiles) character file.

231 Kythnos the Sneak (level 5, -9/24 HPs)
             Began as a Spriggan Enchanter on July 14, 2017.
             Killed by divine providence
             ... invoked by an orc priest
              (16 damage)
             ... on level 4 of the Dungeon.
             The game lasted 00:09:37 (4918 turns).

Kythnos the Sneak (Spriggan Enchanter)              Turns: 4918, Time: 00:09:38

Health: -9/24      AC:  3    Str:  4    XL:     5   Next: 73%
Magic:  6/12       EV: 18    Int: 17    God:
Gold:   151        SH:  0    Dex: 17    Spells: 3/12 levels left

rFire    . . .     SeeInvis +   a - +1 dagger
rCold    . . .     Gourm    .   (shield restricted)
rNeg     . . .     Faith    .   b - +1 robe
rPois    .         Spirit   .   (helmet restricted)
rElec    .         Reflect  .   (no cloak)
rCorr    .         Harm     .   (gloves unavailable)
MR       .....                  (boots unavailable)
Stlth    ++++......             (no amulet)
HPRegen  0.08/turn              (no ring)
MPRegen  0.13/turn              (no ring)

@: very quick
A: unfitting armour, see invisible, herbivore 3, speed 3, slow metabolism 2
a: no special abilities


You were on level 4 of the Dungeon.
You were not hungry.

You visited 1 branch of the dungeon, and saw 4 of its levels.

You collected 151 gold pieces.

Inventory:

Hand Weapons
 a - a +1 dagger (weapon)
Armour
 b - a +1 robe (worn)
Jewellery
 g - an uncursed ring of ice
Wands
 h - a wand of acid (7/15)
Scrolls
 f - 2 scrolls of remove curse
Potions
 e - 2 potions of agility
 i - a potion of resistance {unknown}
Books
 c - a book of Maledictions

   Spells                             Type                      Level
   a - Corona                         Hexes                        1
   b - Ensorcelled Hibernation        Hexes/Ice                    2
   c - Confuse                        Hexes                        3
   d - Tukima's Dance                 Hexes                        3
   e - Dazzling Spray                 Conjuration/Hexes            3
Comestibles
 d - 2 bread rations


   Skills:
 - Level 1.1 Short Blades
 - Level 3.0 Dodging
 + Level 7.6 Stealth
 - Level 4.4 Spellcasting
 - Level 5.0 Hexes


You had 3 spell levels left.
You knew the following spells:

 Your Spells              Type           Power        Failure   Level  Hunger
a - Ensorcelled Hibernat  Hex/Ice        ##....       9%          2    ##.....
b - Corona                Hex            ###....      1%          1    None
c - Confuse               Hex            ###.....     5%          3    ###....
d - Tukima's Dance        Hex            ###.....     5%          3    ###....


Dungeon Overview and Level Annotations

Branches:
Dungeon (4/15)
 Temple: D:4-7

Altars:
Gozag
Makhleb


Innate Abilities, Weirdness & Mutations

You are very small and have problems with some larger weapons.
You are too small for most types of armour.
You have supernaturally acute eyesight. (SInv)
You are a herbivore.
You cover ground extremely quickly.
You need consume almost no food.


Message History

The adder skeleton struggles to resist.
The orc priest shouts!
The adder skeleton completely misses you.
Casting: Confuse
Confirm with . or Enter, or press ? or * to list all spells.
Aiming: Confuse
Press: ? - help, Shift-Dir - straight line, f/p - adder skeleton
Aim: an adder skeleton (chance to defeat MR: 67%)
The adder skeleton appears confused.
You hit the adder skeleton.
The adder skeleton is lightly damaged.
The orc priest mumbles some strange prayers to Beogh against you.
Beogh smites you!
Ouch! That really hurt!
* * * LOW HITPOINT WARNING * * *
The adder skeleton barely misses you.
The orc priest calls down the wrath of Beogh upon you.
Beogh smites you!
Ouch! That really hurt!
You die...

.... ...#
.#.### .o...
o..# o?.#
.#######...#
......Z@...#
.#######...#
.......
.......
..##.#. ...
.. ..## .
..#


You could see 2 orc priests, an orc and an adder skeleton (confused).

Vanquished Creatures
  A water moccasin zombie (D:3)
  A scorpion (D:3)
  A hound (D:3)
  An iguana (D:4)
  An orc wizard (D:4)
  An adder (D:4)
  2 dart slugs
  2 leopard geckos (D:1)
  2 orcs (D:3)
  3 giant cockroaches
  2 goblins
  3 hobgoblins
  A ball python (D:1)
  5 bats
  3 frilled lizards
  7 kobolds
  A leopard gecko skeleton (D:4)
37 creatures vanquished.

Notes
Turn   | Place    | Note
-------+----------+-------------------------------------------
     0 | D:1      | Kythnos the Spriggan Enchanter began the quest for the Orb.
     0 | D:1      | Reached XP level 1. HP: 9/9 MP: 5/5
  1112 | D:1      | Reached XP level 2. HP: 6/13 MP: 4/6
  1116 | D:1      | Learned a level 2 spell: Ensorcelled Hibernation
  2542 | D:3      | Reached XP level 3. HP: 15/16 MP: 1/9
  2547 | D:3      | Learned a level 3 spell: Confuse
  2551 | D:3      | Learned a level 3 spell: Tukima's Dance
  2625 | D:3      | Found an opulent altar of Gozag.
  2962 | D:3      | Reached skill level 5 in Hexes
  2962 | D:3      | Reached XP level 4. HP: 15/21 MP: 0/11
  3461 | D:3      | Found a burning altar of Makhleb.
  4061 | D:3      | Reached skill level 6 in Stealth
  4061 | D:3      | Reached XP level 5. HP: 24/24 MP: 8/12
  4689 | D:4      | Reached skill level 7 in Stealth
  4918 | D:4      | Killed from afar by an orc priest

Vault maps used:
D:1:      minmay_arrival_pointy, palyth_stone_intersect, glass_columns_c
D:3:      nicolae_overflow_hidden_temple, first_bread, hangedman_decor_opposing,
          grunt_gozag_statues
D:4:      kennysheep_nub, minmay_joined_circles

Skill      XL: |  1  2  3  4  5 |
---------------+----------------+-----
Hexes          | 4 5 |  5.0
Spellcasting   | 3 4 |  4.4
Stealth        | 6 7 |  7.6
Short Blades   | |  1.1
Dodging        | |  3.0

Action                   |  1- 3 |  4- 6 || total
-------------------------+-------+-------++-------
Melee: Dagger            |    94 |    27 ||   121
 Cast: Corona            |    14 |       ||    14
       Ensorcelled Hiber |    15 |    10 ||    25
       Confuse           |     5 |     8 ||    13
  Use: Scroll            |     7 |       ||     7
       Potion            |     1 |       ||     1
 Stab: Sleeping          |    15 |     5 ||    20
       Confused          |     1 |     3 ||     4
  Eat: Royal jelly       |     2 |       ||     2
Armor: Robe              |    22 |     2 ||    24
Dodge: Dodged            |    66 |    16 ||    82
